 Dungeon Crawl Stone Soup version 0.30-a0-1008-g30c9307041 (webtiles) character file.

Game seed: 10260368649702110842

226 Demosthentine the Poker (level 5, -2/41 HPs)
             Began as a Demonspawn Gladiator on Apr 6, 2023.
             Slain by an ice beast (11 damage)
             ... on level 4 of the Dungeon.
             The game lasted 00:03:57 (2945 turns).

Demosthentine the Poker (Demonspawn Gladiator)      Turns: 2945, Time: 00:03:57

Health: -2/41      AC:  4    Str: 20    XL:     5   Next: 69%
Magic:  5/5        EV: 16    Int:  9    God:
Gold:   146        SH:  5    Dex: 15    Spells: 4/4 levels left

rFire   . . .      SeeInvis .    a - +1 trident
rCold   . . .      Faith    .    (no shield)
rNeg    . . .      Spirit   .    b - +0 leather armour
rPois   .          Reflect  +    c - +0 helmet
rElec   +          Rampage  .    (no cloak)
rCorr   .                        (no gloves)
Will    .....                    (no boots)
Stlth   +                        f - amulet "Yssao" {Reflect rElec Str+4 SH+5}
HPRegen 0.26/turn                (no ring)
MPRegen 0.09/turn                (no ring)

@: no status effects
A: repulsion field 2
a: no special abilities


You were on level 4 of the Dungeon.
You visited 1 branch of the dungeon, and saw 4 of its levels.

You collected 146 gold pieces.

Inventory:

Hand Weapons
 a - a +1 trident (weapon)
Missiles
 e - a javelin (quivered)
Armour
 b - a +0 leather armour (worn)
 c - a +0 helmet (worn)
Jewellery
 f - the amulet "Yssao" (around neck) {Reflect rElec Str+4 SH+5}
   (You acquired it on level 3 of the Dungeon)

   [amulet of reflection]

   It reflects blocked missile attacks.
   Str:       It affects your strength (+4).
   rElec:     It insulates you from electricity.
   SH:        It affects your SH (+5).
 n - a ring of magical power
Scrolls
 i - a scroll of enchant weapon
 l - a scroll of teleportation
 m - a scroll of fear
Potions
 g - a potion of invisibility {unknown}
 h - a potion of heal wounds {unknown}
 k - 2 potions of lignification


   Skills:
 + Level 3.4 Fighting
 + Level 3.7 Polearms
 - Level 1.7 Throwing
 + Level 2.2 Armour
 + Level 3.7 Dodging


You had 4 spell levels left.
You didn't know any spells.
Your spell library contained the following spells:

 Spells                   Type           Power      Damage    Failure   Level
 Lesser Beckoning         Tloc           0%         N/A       56%         2
 Gell's Gravitas          Tloc           0%         N/A       80%         3
 Teleport Other           Tloc           0%         N/A       80%         3


Dungeon Overview and Level Annotations

Branches:
Dungeon (4/15)
 Temple: D:4-7

Altars:
Gozag
Trog

Shops:
D:4 ([(!

Annotations:
D:3 3 runed translucent doors, thatvaultie's ghost, amateur HuGl


Innate Abilities, Weirdness & Mutations

You are surrounded by a moderate repulsion field. (EV +3)


Message History

You pick up a book of Displacement and begin reading...
You add the spells Lesser Beckoning, Gell's Gravitas and Teleport Other to your library.
An ice beast comes into view.
An ice beast is nearby!
An ice beast is nearby!
An ice beast is nearby!
Found 7 gold pieces.
You puncture the ice beast!
The ice beast is moderately wounded.
The ice beast hits you. The ice beast freezes you!
You hit the ice beast.
The ice beast is heavily wounded.
The ice beast barely misses you.
You barely miss the ice beast.
The ice beast is heavily wounded.
The ice beast completely misses you.
You hit the ice beast.
The ice beast is severely wounded.
The ice beast hits you. The ice beast freezes you!
You are too injured to fight recklessly!
You are too injured to fight recklessly!
You are too injured to fight recklessly!
You are too injured to fight recklessly!
Throw: 2 throwing nets
Press: ? - help, Q - select action, (/) - cycle Shift-Dir - straight line, f - ice beast
Aim: an ice beast (severely wounded, 59% to hit)
You throw a throwing net.
The throwing net closely misses the ice beast.
You block the ice beast's attack.
Throw: throwing net
Press: ? - help, Q - select action, (/) - cycle Shift-Dir - straight line, f/p - ice beast
Aim: an ice beast (severely wounded, 59% to hit)
You throw a throwing net.
The throwing net closely misses the ice beast.
The ice beast hits you. The ice beast freezes you!
* * * LOW HITPOINT WARNING * * *
You feel better. The ice beast hits you.
* * * LOW HITPOINT WARNING * * *
The ice beast freezes you!
You die...

........##..##.......#
........>...........####
.....)........#.....#
.............##..#.##
#......#.....##..###
##.... #..####....
......##.## #.....
#...#.## ......#
#(.Y@..# #.#.....
#........## $...###.##
##. #.. ... ##... ##..
###


You could see an ice beast.

Vanquished Creatures
  An ogre (D:4)
  Jessica (D:3)
  2 adders
  A worm (D:3)
  4 dart slugs
  8 orcs
  8 ball pythons
  A bat (D:1)
  9 endoplasms
  3 giant cockroaches
  4 goblins
  9 hobgoblins
  4 jackals (D:1)
  6 kobolds
  4 quokkas
  2 frilled lizards (D:2)
  5 rats
72 creatures vanquished.

Vanquished Creatures (others)
  7 fungi
  6 plants (D:2)
13 creatures vanquished.

Grand Total: 85 creatures vanquished

Notes
Turn   | Place    | Note
-------+----------+-------------------------------------------
     0 | D:1      | Demosthentine the Demonspawn Gladiator began the quest for
                  | the Orb.
     0 | D:1      | Reached XP level 1. HP: 16/16 MP: 1/1
    71 | D:1      | Gained mutation: You are surrounded by a mild repulsion
                  | field. (EV +2) [demonic ancestry]
    71 | D:1      | Reached XP level 2. HP: 16/22 MP: 2/2
   370 | D:1      | Reached skill level 1 in Armour
   540 | D:1      | Reached XP level 3. HP: 28/28 MP: 3/3
  1310 | D:2      | Found a faded altar of an unknown god.
  1823 | D:3      | Reached XP level 4. HP: 6/34 MP: 4/4
  1839 | D:3      | HP: 1/34 [orc/+0 trident (5)]
  2212 | D:3      | Found a runed translucent gate.
  2212 | D:3      | Found a runed translucent gate.
  2212 | D:3      | Found an opulent altar of Gozag.
  2213 | D:3      | Found a runed translucent gate.
  2216 | D:3      | Noticed thatvaultie's ghost (amateur HuGl)
  2218 | D:3      | Noticed a phantom
  2300 | D:3      | Found a bloodstained altar of Trog.
  2519 | D:3      | Noticed Jessica
  2522 | D:3      | Killed Jessica
  2632 | D:3      | Identified a scroll of acquirement
  2632 | D:3      | Acquired the amulet "Yssao" {Reflect rElec Str+4 SH+5}
  2781 | D:4      | Found Unela's Antique Weapon Shoppe.
  2792 | D:4      | Noticed an ogre
  2802 | D:4      | Killed an ogre
  2803 | D:4      | Gained mutation: You are surrounded by a moderate repulsion
                  | field. (EV +3) [demonic ancestry]
  2803 | D:4      | Reached XP level 5. HP: 41/41 MP: 5/5
  2821 | D:4      | Found Ifuash's Armour Emporium.
  2866 | D:4      | Found Gygiulih's Antique Weapon Emporium.
  2911 | D:4      | Found Ezxuz's Distillery.
  2937 | D:4      | Noticed an ice beast
  2944 | D:4      | HP: 2/41 [ice beast (11)]
  2945 | D:4      | Slain by an ice beast

Illustrated notes

Levels and vault maps discovered:
D:1:      minmay_arrival_up_and_down, layout_basic, serial_corexii_hall,
          corexii_hall_statues_i, corexii_hall_statues_deadend,
          chequers_hall_statues_wall_a, chequers_serial_rivers_room_b,
          grunt_decor_clamped
D:2:      layout_rooms, shapermc_ecumenical_altar_mp_urbaneastern, st_stairs_12,
          roderic_serpentine_path
D:3:      layout_loops_cross, mainiacjoe_overflow_boulevard,
          ebering_ghost_gozag, uniq_jessica
D:4:      layout_cave_pools, temple_green, serial_shops, kennysheep_mini_moat,
          nicolae_take_the_stairs, nicolae_square_shop, shop, shop

Skill      XL: |  1  2  3  4 |
---------------+-------------+-----
Polearms       | 3 |  3.7
Dodging        | 3 |  3.7
Armour         | 1 2 |  2.2
Fighting       | 3 |  3.4
Throwing       | |  1.7

Action                     |  1- 3 |  4- 6 || total
---------------------------+-------+-------++-------
  Melee: Trident           |   163 |    68 ||   231
         Punch             |     1 |       ||     1
  Throw: Throwing net      |       |     3 ||     3
    Use: Scroll            |     5 |     3 ||     8
         Potion            |     1 |     3 ||     4
   Stab: Sleeping          |     1 |       ||     1
         Held in net/web   |       |     2 ||     2
 Armour: Leather armour    |    51 |     9 ||    60
         Skin              |       |     7 ||     7
  Dodge: Dodged            |   135 |    28 ||   163
  Block: Other             |       |     1 ||     1

Table legend: (Time is in decaauts)
 A = Elapsed time spent in this place.
 B = Non-inter-level travel time spent in this place.
 C = Inter-level travel time spent in this place.
 D = Time resting spent in this place.
 E = Time spent auto-exploring this place.
 F = Levels seen in this place.
 G = Mean time per level.
                   A        B        C        D        E       F      G
               +--------+--------+--------+--------+--------+-----+--------+
         Total |   2976 |   2880 |     96 |    505 |   1889 |   4 |  744.0 |
       Dungeon |   2976 |   2880 |     96 |    505 |   1889 |   4 |  744.0 |
               +--------+--------+--------+--------+--------+-----+--------+

Top non-repeatable levels by time:
     D:3: 1147 daAuts
     D:1: 976 daAuts
     D:2: 666 daAuts
     D:4: 186 daAuts
